 Dungeon Crawl Stone Soup version 0.28.0-62-gf88900778d (webtiles) character file.

Game seed: 18124323932728679446

22223 cbfl8 the Cleaver (level 12, -6/84 HPs)
             Began as a Minotaur Fighter on Oct 13, 2023.
             Was a Priest of Hepliaklqana.
             Mangled by a +4 long sword (9 damage)
             ... on level 13 of the Dungeon.
             The game lasted 00:20:03 (18215 turns).

cbfl8 the Cleaver (Minotaur Fighter)               Turns: 18215, Time: 00:20:04

Health: -6/84      AC: 20    Str: 27    XL:     12   Next: 61%
Magic:  11/11      EV:  8    Int:  5    God:    Hepliaklqana [***...]
Gold:   432        SH: 10    Dex: 15    Spells: 11/11 levels left

rFire   + . .      SeeInvis .   a - +0 war axe
rCold   x . .      Faith    .   c - +0 buckler
rNeg    . . .      Spirit   .   q - +0 chain mail
rPois   .          Reflect  .   (helmet restricted)
rElec   .          Harm     .   (no cloak)
rCorr   .          Rampage  .   (no gloves)
Will    .....                   k - +0 pair of boots
Stlth   ..........              (no amulet)
HPRegen 0.24/turn               f - ring of fire
MPRegen 0.12/turn               E - +4 ring of protection

@: no status effects
A: reduced essence, horns 2, retaliatory headbutt, iridescent scales 1, large
bone plates 1, agile 1, frail 1, strong 2
a: Renounce Religion, Recall Ancestor, Ancestor Identity, Transference


You were on level 13 of the Dungeon.
You worshipped Hepliaklqana.
Hepliaklqana was most pleased with you.
You visited 1 branch of the dungeon, and saw 13 of its levels.

You collected 893 gold pieces.
You spent 461 gold pieces at shops.

Inventory:

Hand Weapons
 a - a +0 war axe (weapon)
Armour
 c - a +0 buckler (worn)
 k - a +0 pair of boots (worn)
 q - a +0 chain mail (worn)
Jewellery
 f - a ring of fire (left hand)
 h - a ring of fire
 i - an amulet of regeneration
 j - an amulet of faith
 E - a +4 ring of protection (right hand)
Wands
 o - a wand of polymorph (1)
 s - a wand of iceblast (7) (quivered)
Scrolls
 b - 2 scrolls of immolation
 g - a scroll of fear
 n - a scroll of brand weapon
 t - 3 scrolls of enchant weapon
 w - a scroll of enchant armour {unknown}
 y - a scroll of magic mapping
 z - 3 scrolls of noise
 A - a scroll of fog
 C - a scroll of teleportation {unknown}
Potions
 d - 4 potions of might
 e - a potion of brilliance {unknown}
 l - 2 potions of cancellation
 m - 2 potions of attraction {unknown}
 p - a potion of magic {unknown}
 r - a potion of berserk rage {unknown}
 u - 3 potions of flight {unknown}
 v - 2 potions of resistance {unknown}
 x - 2 potions of curing
 B - a potion of mutation
 D - a potion of invisibility {unknown}
 G - a potion of degeneration {unknown}


   Skills:
 + Level 10.2 Fighting
 + Level 14.4 Axes
 + Level 13.1 Armour
 + Level 8.9 Shields
 * Level 8.9 Evocations


You had 11 spell levels left.
You didn't know any spells.
Your spell library contained the following spells:

 Spells                   Type           Power      Damage    Failure   Level
 Apportation              Tloc           0%         N/A       95%         1
 Beastly Appendage        Tmut           0%         N/A       95%         1
 Ensorcelled Hibernation  Hex/Ice        0%         N/A       98%         2
 Wereblood                Tmut           0%         N/A       98%         2
 Dazzling Flash           Conj/Hex       0%         N/A       100%        3
 Frozen Ramparts          Ice            0%         1d2       100%        3
 Gell's Gravitas          Tloc           0%         N/A       100%        3
 Lesser Beckoning         Tloc           0%         N/A       100%        3
 Spider Form              Tmut/Pois      0%         N/A       100%        3
 Teleport Other           Tloc           0%         N/A       100%        3
 Iskenderun's Mystic Bla  Conj/Tloc      0%         2d3       100%        4
 Petrify                  Tmut/Erth      0%         N/A       100%        4
 Metabolic Englaciation   Hex/Ice        0%         N/A       100%        5
 Starburst                Conj/Fire      0%         6d3       100%        6
 Statue Form              Tmut/Erth      0%         N/A       100%        6


Dungeon Overview and Level Annotations

Branches:
Dungeon (13/15)            Temple (0/1) D:6            Lair (0/6) D:9
    Orc (0/2) D:9
 Vaults: D:13-14

Altars:
Ashenzari
Fedhas
Hepliaklqana
Kikubaaqudgha
Makhleb
Okawaru
Ru
Sif Muna
Trog
Uskayaw
Wu Jian
Zin
Beogh

Shops:
D:3 ?   D:11 *

Annotations:
D:6 2 transporters, Selrock's ghost, novice KoBr
D:8 3 runed translucent doors, cbfl8's ghost, novice DsFi
D:10 2 transporters


Innate Abilities, Weirdness & Mutations

Your life essence is reduced to manifest your ancestor. (-10% HP)
You have a pair of horns on your head.
You reflexively headbutt those who attack you in melee.
You are partially covered in iridescent scales. (AC +2)
You are partially covered in large bone plates. (SH +4)
You are agile. (Dex +2)
You are frail. (-10% HP)
Your muscles are very strong. (Str +4)


Message History

The +2 long sword hits you but does no damage.
The yaktaur shoots a bolt.
The bolt barely misses you.
The +2 long sword hits you but does no damage.
Unknown command.
You closely miss the +2 long sword. Your headbutt misses the +2 long sword.
The +2 long sword is heavily damaged.
The +2 long sword hits you but does no damage.
Valentine hits the +2 long sword with a +0 quarterstaff!
The yaktaur shoots a bolt.
The bolt hits Valentine!!
Valentine is destroyed!
Unknown command.
Unknown command.
You slash the +2 long sword!
The +2 long sword falls from the air.
Unknown command.
Unknown command.
You miss the +4 long sword. Your headbutt misses the +4 long sword.
The +4 long sword hits you!
Unknown command.
You are too injured to fight recklessly!
Unknown command.
You are too injured to fight recklessly!
Unknown command.
You are too injured to fight recklessly!
The +4 long sword hits you!!
* * * LOW HITPOINT WARNING * * *
You see here a scroll labelled MEKHYM ELEIMEC.
As you read the scroll of fear, it crumbles to dust.
You assume a fearsome visage.
The +4 long sword is unaffected.
The yaktaur looks frightened! x2; The +4 long sword hits you!
* * * LOW HITPOINT WARNING * * *
The +4 long sword barely misses you.
Okay, then.
Aiming: Iceblast
Press: ? - help, Q - select action, (/) - cycle Shift-Dir - straight line The mass of ice explodes!
The iceblast engulfs the +4 long sword!
The +4 long sword partially resists.
The +4 long sword is heavily damaged.
You block the +4 long sword's attack. The +4 long sword hits you!
You die...

#.# #. ... ... #.#
#.##.####.#. #.#
#........... #.#
#.c......... #.#
#c.......... #.#
#...c...... #.# #.c.#
#.# #.(## ##.## #..@#
#...##########..##
#)..>............#
#...#.####.##.........
#####.# #.##.........
#.# #.##.......... #.#
#.###......... #.# #.#
########## #.# #.#


You could see 3 yaktaurs and a +4 long sword.

Vanquished Creatures
  A frost giant (D:12)
  A great orb of eyes (D:12)
  A boulder beetle (D:12)
  5 two-headed ogres
  A dancing weapon (D:13)
  2 cyclopes
  2 gargoyles
  2 kobold demonologists (D:11)
  A tengu conjurer (D:10)
  3 slime creatures (D:12)
  A centaur simulacrum (D:10)
  2 wraiths
  A wyvern (D:9)
  6 yaks
  7 redbacks (D:12)
  2 vampire mosquitoes
  Edmund (D:6)
  An acid dragon (D:10)
  3 orc warriors
  2 ogres
  A wolf (D:8)
  6 centaurs
  4 kobold brigands
  A bullfrog (D:8)
  4 scorpions
  A water moccasin skeleton (D:5)
  3 killer bees (D:8)
  6 wights
  3 howler monkeys
  2 electric eels (D:10)
  4 centaur zombies
  A jelly (D:3)
  2 bullfrog skeletons (D:6)
  A centaur skeleton (D:6)
  5 orc priests
  3 hounds (D:6)
  Ijyb (D:5)
  An iguana (D:6)
  5 orc wizards
  A hound skeleton (D:5)
  A howler monkey skeleton (D:4)
  10 adders
  2 shadow imps
  An ufetubus (D:6)
  An adder skeleton (D:4)
  A worm (D:2)
  2 dart slugs
  21 orcs
  8 bats
  9 endoplasms
  3 giant cockroaches
  7 goblins
  10 hobgoblins
  8 jackals
  14 kobolds
  4 quokkas
  7 ball pythons
  3 frilled lizards
  3 rats
215 creatures vanquished.

Vanquished Creatures (collateral kills)
  A centaur warrior (D:10)
  2 two-headed ogres
  A deep elf pyromancer (D:13)
  2 ugly things
  A gargoyle (D:12)
  A komodo dragon (D:10)
  A freezing wraith (D:10)
  2 trolls (D:10)
  2 hornets
  3 slime creatures (D:12)
  3 yaks
  A golden eye (shapeshifter) (D:10)
  4 wraiths
  Grum (D:8)
  A vampire mosquito (D:12)
  A steam dragon (D:9)
  An acid dragon (D:10)
  An orc warrior (D:10)
  A hornet zombie (D:9)
  A phantom (D:6)
  A wolf (D:8)
  A kobold brigand (D:9)
  3 killer bees (D:8)
  6 wights
  2 electric eels (D:10)
  An orc priest (D:12)
  7 orc wizards
  An adder (D:6)
  A white imp (D:7)
  3 orcs
  2 kobolds (D:9)
59 creatures vanquished.

Vanquished Creatures (others)
  9 battlemagi
  2 demonic plants (D:3)
  3 fungi (D:3)
  10 plants
  2 withered plants (D:3)
26 creatures vanquished.

Grand Total: 300 creatures vanquished

Notes
Turn   | Place    | Note
-------+----------+-------------------------------------------
     0 | D:1      | cbfl8 the Minotaur Fighter began the quest for the Orb.
     0 | D:1      | Reached XP level 1. HP: 19/19 MP: 0/0
   297 | D:1      | Reached XP level 2. HP: 27/27 MP: 1/1
   657 | D:1      | Reached XP level 3. HP: 30/33 MP: 2/2
   769 | D:1      | Reached skill level 3 in Axes
  1028 | D:2      | Reached skill level 1 in Evocations
  1165 | D:2      | Reached XP level 4. HP: 40/40 MP: 3/3
  1714 | D:2      | Reached skill level 4 in Axes
  1953 | D:3      | Found a faded altar of an unknown god.
  1998 | D:3      | Reached XP level 5. HP: 28/47 MP: 2/4
  2160 | D:3      | Found a bloodstained altar of Trog.
  2160 | D:3      | Found a hazy altar of Hepliaklqana.
  2166 | D:3      | Found a hide-covered altar of Uskayaw.
  2168 | D:3      | Found an iron altar of Okawaru.
  2176 | D:3      | Became a worshipper of Hepliaklqana the Forgotten
  2190 | D:3      | Found Qiqoqid's Magic Scroll Shoppe.
  2200 | D:3      | Bought a scroll of identify for 26 gold pieces
  2228 | D:3      | Found an ancient bone altar of Kikubaaqudgha.
  2230 | D:3      | Found a broken altar of Ashenzari.
  2468 | D:4      | Reached skill level 5 in Axes
  2617 | D:4      | Reached XP level 6. HP: 52/53 MP: 5/5
  2719 | D:4      | Found an ornate altar of the Wu Jian Council.
  3065 | D:5      | Entered Level 5 of the Dungeon
  3126 | D:5      | Found a blossoming altar of Fedhas.
  3152 | D:5      | Reached * piety under Hepliaklqana
  3188 | D:5      | Noticed Ijyb
  3202 | D:5      | Killed Ijyb
  3268 | D:5      | Reached skill level 6 in Axes
  3318 | D:5      | Reached skill level 5 in Armour
  3318 | D:5      | Reached XP level 7. HP: 26/54 MP: 4/6
  4396 | D:6      | Noticed Edmund
  4400 | D:6      | Reached skill level 5 in Fighting
  4407 | D:6      | Killed Edmund
  4408 | D:6      | Reached skill level 7 in Axes
  4680 | D:6      | Reached XP level 8. HP: 61/61 MP: 7/7
  4681 | D:6      | Found a transporter.
  4695 | D:6      | Reached ** piety under Hepliaklqana
  4696 | D:6      | Remembered your ancestor Valentine as a battlemage
  4703 | D:6      | Noticed Selrock's ghost (novice KoBr)
  4847 | D:6      | Found a transporter.
  4887 | D:6      | Found a staircase to the Ecumenical Temple.
  5110 | D:6      | Reached skill level 8 in Axes
  5162 | D:6      | Reached skill level 5 in Shields
  5965 | D:7      | Found a sacrificial altar of Ru.
  6630 | D:8      | HP: 3/63 [killer bee (5)]
  6632 | D:8      | HP: 1/63 [poisoned by a killer bee]
  6737 | D:8      | Reached skill level 9 in Axes
  6819 | D:8      | Found a runed translucent gate.
  6819 | D:8      | Found a runed translucent gate.
  6819 | D:8      | Found a runed translucent gate.
  6821 | D:8      | Noticed cbfl8's ghost (novice DsFi)
  6822 | D:8      | Noticed an 11-headed hydra
  7030 | D:8      | Reached XP level 9. HP: 67/67 MP: 8/8
  7303 | D:8      | Noticed Grum
  7313 | D:8      | Gained mutation: You are partially covered in iridescent
                  | scales. (AC +2) [potion of mutation]
  7313 | D:8      | Gained mutation: You are mostly covered in iridescent
                  | scales. (AC +4) [potion of mutation]
  7313 | D:8      | Gained mutation: You tend to lose your temper in combat.
                  | [potion of mutation]
  7313 | D:8      | Gained mutation: Your muscles are strong. (Str +2) [potion
                  | of mutation]
  7316 | D:8      | Killed Grum
  7317 | D:8      | Reached skill level 5 in Evocations
  7766 | D:8      | Lost mutation: You are mostly covered in iridescent scales.
                  | (AC +4) [potion of mutation]
  7766 | D:8      | Lost mutation: You tend to lose your temper in combat.
                  | [potion of mutation]
  7766 | D:8      | Gained mutation: You are partially covered in large bone
                  | plates. (SH +4) [potion of mutation]
  7766 | D:8      | Gained mutation: Your body sometimes deteriorates upon
                  | taking damage. [potion of mutation]
  7766 | D:8      | Gained mutation: You have large cloven feet. [potion of
                  | mutation]
  7766 | D:8      | Gained mutation: You are agile. (Dex +2) [potion of
                  | mutation]
  7767 | D:8      | Lost mutation: You are agile. (Dex +2) [potion of mutation]
  7767 | D:8      | Lost mutation: You have large cloven feet. [potion of
                  | mutation]
  7767 | D:8      | Gained mutation: You are frail. (-10% HP) [potion of
                  | mutation]
  7767 | D:8      | Gained mutation: You have very sharp teeth. [potion of
                  | mutation]
  7767 | D:8      | Gained mutation: Your muscles are very strong. (Str +4)
                  | [potion of mutation]
  8017 | D:9      | Found a staircase to the Lair.
  8020 | D:9      | Noticed a purple ugly thing
  8027 | D:9      | Killed a purple ugly thing
  8028 | D:9      | Reached skill level 10 in Axes
  8164 | D:9      | Found a staircase to the Orcish Mines.
  8366 | D:9      | Noticed a two-headed ogre
  8371 | D:9      | Killed a two-headed ogre
  8372 | D:9      | Reached XP level 10. HP: 30/68 MP: 4/9
  8597 | D:9      | Found a burning altar of Makhleb.
  8622 | D:8      | Reached skill level 11 in Axes
  8819 | D:9      | Found a shimmering blue altar of Sif Muna.
  8980 | D:10     | Entered Level 10 of the Dungeon
  8994 | D:10     | Noticed a two-headed ogre
  9203 | D:9      | Killed a two-headed ogre
  9204 | D:9      | Reached skill level 10 in Armour
  9275 | D:10     | Reached *** piety under Hepliaklqana
  9323 | D:10     | Noticed a fire crab
 10478 | D:10     | Noticed a gargoyle
 10486 | D:10     | Killed a gargoyle
 10487 | D:10     | Reached skill level 12 in Axes
 10487 | D:10     | Reached XP level 11. HP: 25/75 MP: 4/10
 10900 | D:10     | Found a glowing silver altar of Zin.
 11892 | D:10     | Noticed a centaur warrior
 11898 | D:10     | Killed a centaur warrior
 12105 | D:10     | Found a transporter.
 12110 | D:10     | Noticed an orc sorcerer
 12112 | D:10     | Found a transporter.
 12252 | D:10     | Lost mutation: Your body sometimes deteriorates upon taking
                  | damage. [potion of mutation]
 12252 | D:10     | Lost mutation: You have very sharp teeth. [potion of
                  | mutation]
 12252 | D:10     | Gained mutation: You are agile. (Dex +2) [potion of
                  | mutation]
 12458 | D:3      | Bought a scroll of identify for 26 gold pieces
 12458 | D:3      | Bought a scroll of blinking for 97 gold pieces
 12458 | D:3      | Bought a scroll of identify for 26 gold pieces
 12673 | D:11     | Found Zegiwn's Assorted Antiques.
 12689 | D:11     | Bought a scroll of identify for 44 gold pieces
 12689 | D:11     | Bought a potion of curing for 66 gold pieces
 12689 | D:11     | Bought a potion of mutation for 176 gold pieces
 12876 | D:11     | Noticed a two-headed ogre
 12885 | D:11     | Killed a two-headed ogre
 13315 | D:11     | Noticed a two-headed ogre
 13320 | D:11     | Killed a two-headed ogre
 13734 | D:11     | Reached skill level 13 in Axes
 13760 | D:11     | Noticed a two-headed ogre
 13768 | D:11     | Killed a two-headed ogre
 14197 | D:11     | Reached **** piety under Hepliaklqana
 14220 | D:11     | Noticed a cyan ugly thing
 14228 | D:11     | Killed a cyan ugly thing
 14524 | D:12     | Noticed a boulder beetle
 14537 | D:12     | HP: 3/77 [boulder beetle (42)]
 14987 | D:12     | Killed a boulder beetle
 15276 | D:12     | Noticed a seven-headed hydra
 15459 | D:12     | Reached XP level 12. HP: 69/83 MP: 11/11
 15750 | D:12     | Noticed a two-headed ogre
 15761 | D:12     | Killed a two-headed ogre
 16335 | D:12     | Noticed a frost giant
 16348 | D:12     | Killed a frost giant
 16353 | D:12     | Reached skill level 14 in Axes
 16689 | D:12     | Noticed a great orb of eyes
 16704 | D:12     | Paralysed by a great orb of eyes for 3 turns
 16707 | D:12     | Killed a great orb of eyes
 17266 | D:12     | Reached skill level 10 in Fighting
 17632 | D:13     | Noticed a two-headed ogre
 17650 | D:13     | Killed a two-headed ogre
 18034 | D:13     | Got Qibogep's Guide on the Glacier and the Voyage
 18214 | D:13     | HP: 2/84 [+4 long sword (11)]
 18215 | D:13     | Mangled by a +4 long sword

Illustrated notes

Levels and vault maps discovered:
D:1:      dpeg_arrival_erosion, layout_loops_ring
D:2:      layout_basic, minmay_misc_feat_iff, serial_bayou_crossing
D:3:      layout_rooms, mainiacjoe_overflow_divided_tiny,
          mainiacjoe_overflow_alcove_3, serial_shops, nicolae_shop_stone,
          shapermc_ecumenical_altar_gd, fountainhead
D:4:      layout_basic, nzn_wu_jian_contemplation
D:5:      layout_basic, fedhas_altar_2, serial_curves, eino_curves_01,
          eino_curves_02, minmay_misc_feat_plants, uniq_ijyb
D:6:      layout_basic, minmay_temple_entry_poolview, serial_corexii_hall,
          corexii_hall_statues_i, chequers_hall_statues_corner_a,
          corexii_hall_statues_i, chequers_hall_statues_y,
          gammafunk_ghost_arena, uniq_edmund
D:7:      layout_basic, mainiacjoe_overflow_cross_hatched
D:8:      layout_basic, gammafunk_ghost_hydra_chop, uniq_grum
D:9:      layout_rooms, lemuel_blue_sif_altar, bloody_makhleb, lair_entry_dummy,
          orc_0_dummy, due_unseen_surprise
D:10:     gammafunk_beogh_shrine, layout_basic, old_standard_altar,
          minmay_pinched_square
D:11:     layout_basic, serial_shops, nicolae_shop_hallway_stairs
D:12:     layout_roguey, drop_trap, minmay_three_doors
D:13:     layout_loops_ring, erik_vaults_1

Skill      XL: |  1  2  3  4  5  6  7  8  9 10 11 12 |
---------------+-------------------------------------+-----
Fighting       | 4 5 6 7 8 9 10 | 10.2
Shields        | 4 5 6 7 8 |  8.9
Axes           | 3 4 5 6 7 9 10 12 13 14 | 14.4
Evocations     | 1 2 3 4 5 6 8 |  8.9
Armour         | 4 5 7 9 11 12 13 | 13.1

Action                   |  1- 3 |  4- 6 |  7- 9 | 10-12 || total
-------------------------+-------+-------+-------+-------++-------
Melee: War axe           |    82 |   150 |   174 |   311 ||   717
       Headbutt          |     9 |    24 |    33 |    84 ||   150
       Bite              |       |       |     4 |    25 ||    29
Invok: Ancestor Life: Ba |       |       |     1 |       ||     1
       Recall Ancestor   |       |       |       |     1 ||     1
       Ancestor Identity |       |       |       |     1 ||     1
Evoke: Wand              |       |       |     3 |    27 ||    30
  Use: Scroll            |       |     3 |     5 |    12 ||    20
       Potion            |       |       |    10 |     5 ||    15
 Stab: Distracted        |       |     1 |     3 |     4 ||     8
       Paralysed         |       |       |       |     9 ||     9
Armor: Scale mail        |    26 |    57 |       |       ||    83
       Chain mail        |       |    21 |    89 |   136 ||   246
Dodge: Dodged            |    29 |    70 |    72 |    91 ||   262
Block: Buckler           |    23 |    40 |    54 |   140 ||   257
